 Dungeon Crawl Stone Soup version 0.29-a0-322-g68df515428 (webtiles) character file.

Game seed: 11392346979800572737

2767 HotDog the Basher (level 9, -3/54 (55) HPs)
             Began as a Gargoyle Fighter on Apr 7, 2022.
             Was an Initiate of the Shining One.
             Slain by a small abomination (18 damage)
             ... on level 2 of the Abyss.
             The game lasted 00:13:48 (9331 turns).

HotDog the Basher (Gargoyle Fighter)                Turns: 9331, Time: 00:13:49

HP:   -3/54 (55)    AC:  0    Str: 25    XL:     9   Next: 69%
MP:   12/12         EV: 20    Int:  8    God:    the Shining One [......]
Gold: 294           SH:  0    Dex: 14    Spells: 8/8 levels left

rFire   . . .      SeeInvis .   (weapon currently unavailable)
rCold   . . .      Faith    .   (shield currently unavailable)
rNeg    + . .      Spirit   .   (body armour currently unavailable)
rPois   ∞          Reflect  .   (helmet currently unavailable)
rElec   .          Harm     .   (cloak currently unavailable)
rCorr   .          Rampage  .   (gloves currently unavailable)
Will    .....                   (boots currently unavailable)
Stlth   +.........              (no amulet)
HPRegen 0.18/turn               (ring currently unavailable)
MPRegen 0.13/turn               (ring currently unavailable)

@: bat-form (expiring), flying, glowing, lightly drained, very quick
A: fast, flying, no casting, sickness immunity, AC +6, tiny, negative energy
resistance 1, (electricity resistance), torment resistance 1, petrification
resistance
a: Renounce Religion


You were on level 2 of the Abyss.
You worshipped the Shining One.
The Shining One was noncommittal.
You were a bat.
You visited 2 branches of the dungeon, and saw 9 of its levels.
You visited the Abyss 1 time.
You also visited: Ossuary.

You collected 294 gold pieces.

Inventory:

Hand Weapons
 d - the +7 mace "Goblinbane" (melded) {vorpal, Dex+5}
   (You found it on level 6 of the Dungeon)

   It inflicts extra damage upon your enemies.
   Dex:       It affects your dexterity (+5).
 r - a +2 flail of protection
Armour
 c - a +0 buckler (melded)
 k - a +0 chain mail (melded)
 m - a +0 pair of gloves (melded)
Jewellery
 f - a +4 ring of protection (melded)
 o - a +6 ring of strength (melded)
 w - a ring of ice
Wands
 s - a wand of flame (17)
 t - a wand of digging (2)
 y - a wand of polymorph (6)
 E - a wand of iceblast (11)
Scrolls
 b - a scroll of teleportation
 h - a scroll of torment {unknown}
 l - 3 scrolls of fear {unknown}
 n - 3 scrolls of fog
 p - a scroll of brand weapon {unknown}
 v - 2 scrolls of enchant weapon {unknown}
 z - 2 scrolls of summoning {unknown}
 A - a scroll of noise
 C - 2 scrolls of enchant armour {unknown}
 D - a scroll of identify
Potions
 a - a potion of brilliance
 e - 3 potions of heal wounds
 g - 3 potions of haste
 i - a potion of magic
 j - 3 potions of curing {unknown}
 q - 2 potions of flight {unknown}
 u - 2 potions of mutation {unknown}
 x - 9 potions of degeneration
 B - 3 potions of invisibility {unknown}
 F - a potion of resistance {unknown}


   Skills:
 * Level 5.9 Fighting
 * Level 8.3 Maces & Flails
 * Level 7.1 Armour
 * Level 3.1 Dodging
 * Level 5.6 Shields
 * Level 4.2 Invocations


You had 8 spell levels left.
You didn't know any spells.
Your spell library contained the following spells:

 Spells                   Type           Power      Damage    Failure   Level
 Stone Arrow              Conj/Erth      0%         3d7       78%         3
 Animate Armour           Summ/Erth      0%         N/A       99%         4
 Petrify                  Tmut/Erth      0%         N/A       99%         4
 Fireball                 Conj/Fire      0%         3d3       100%        5
 Irradiate                Conj/Tmut      0%         3d13      100%        5
 Iskenderun's Battlesphe  Conj           0%         2d6       100%        5
 Conjure Ball Lightning   Conj/Air       0%         3x3d6     100%        6
 Orb of Destruction       Conj           0%         9d5       100%        7
 Discord                  Hex            0%         N/A       100%        8
 Disjunction              Tloc           0%         N/A       100%        8
 Lehudib's Crystal Spear  Conj/Erth      0%         10d2      100%        8
 Sublimation of Blood     Necr           Unusable   N/A       N/A         2

Dungeon Overview and Level Annotations

Branches:
Dungeon (8/15)             Temple (1/1) D:5         Ossuary (visited)
   Lair: D:8-11

Altars:
Ashenzari
Cheibriados
Dithmenos
Elyvilon
Gozag
Kikubaaqudgha
Makhleb
Qazlal
Ru
Sif Muna
Trog
Uskayaw
Vehumet
Xom
Yredelemnul
Zin
The Shining One

Shops:
D:5 (   D:6 =

Annotations:
D:5 2 transporters, voshxx's ghost, novice DEAE
D:8 Psyche


Innate Abilities, Weirdness & Mutations

You are a bat.
You are tiny and dextrous.
You move quickly.
You are flying.
Your equipment is almost entirely melded.
You are incapable of wielding weapons or throwing items.
You cannot cast spells.
You are immune to sickness and miasma.
((Your stone body is resilient. (AC +6)))
You are immune to poison.
You resist negative energy. (rN+)
((You are resistant to electric shocks. (rElec)))
You are resistant to unholy torment.
You are immune to petrification.


Message History

Psyche flickers and vanishes!
Deactivating autopickup; reactivate with Ctrl-A.
You closely miss something. Something closely misses you.
You hit something. Something barely misses you.
You barely miss something. Something hits you! Space warps around you.
You hit something but do no damage.
You hear some strange, mumbled words.
A swirling arc of seething chaos appears!
An arc of chaos appears from out of thin air!
The arc of chaos hits you. You partially resist.
You feel drained. The arc of chaos hits you.
You barely miss something. Something completely misses you.
You miss something. Something misses you.
You hit something.
You hear some strange, mumbled words.
You barely miss something. Something closely misses you.
Something barely misses you.
You barely miss something. Something barely misses you.
You hit something but do no damage. Something hits you.
You are cast into the Abyss!
This branch contains the abyssal rune of Zot.
Reactivating autopickup.
You start resting.
A small abomination is nearby!
A small abomination is nearby!
You hit the small abomination.
The small abomination is lightly damaged.
The small abomination barely misses you.
You hit the small abomination but do no damage.
The small abomination is lightly damaged.
The small abomination completely misses you.
You barely miss the small abomination.
The small abomination is lightly damaged.
The small abomination hits you!!
* * * LOW HITPOINT WARNING * * *
You hit the small abomination but do no damage.
The small abomination is lightly damaged.
Your transformation is almost over.
The small abomination hits you!!
You die...

....#.
##...##.## .
.. .#
#...#..#.# #
# # .
#.#...## .
.##.# ...#
..
#########. .
..........#
. ..####.###
..#
#x.##.....
###.b......#
#..###......
#### #.....
..... ..#.
..# #


You could see a small abomination.

Vanquished Creatures
  Joseph (D:7)
  A troll (D:7)
  Sigmund (D:3)
  Eustachio (D:5)
  2 steam dragons (D:7)
  Edmund (D:4)
  2 ogres
  A phantom (D:5)
  2 bullfrogs
  4 scorpions
  4 wights (D:7)
  A jelly (D:7)
  4 hounds
  An orc priest (D:5)
  A gnoll shaman (D:5)
  5 iguanas
  4 orc wizards
  3 mummies (Ossuary)
  Robin (D:4)
  4 gnolls
  9 adders
  A shadow imp (D:7)
  2 white imps
  An ufetubus (D:4)
  2 dart slugs
  27 orcs
  6 endoplasms
  2 giant cockroaches
  10 goblins
  12 hobgoblins
  10 jackals
  5 kobolds
  A quokka (D:3)
  6 ball pythons
  2 bats (D:2)
  7 frilled lizards
  A gnoll zombie (Ossuary)
  2 goblin zombies (Ossuary)
  3 hobgoblin zombies (Ossuary)
  2 orc zombies (Ossuary)
  4 rats
159 creatures vanquished.

Vanquished Creatures (others)
  2 orcs (D:6)
2 creatures vanquished.

Grand Total: 161 creatures vanquished

Notes
Turn   | Place    | Note
-------+----------+-------------------------------------------
     0 | D:1      | HotDog the Gargoyle Fighter began the quest for the Orb.
     0 | D:1      | Reached XP level 1. HP: 14/14 MP: 1/1
   133 | D:1      | Reached XP level 2. HP: 11/19 MP: 2/2
   464 | D:1      | Found a faded altar of an unknown god.
   885 | D:1      | You fall into a shaft and drop 1 floor!
   900 | D:2      | Reached XP level 3. HP: 22/23 MP: 3/3
  1932 | D:2      | Reached XP level 4. HP: 27/28 MP: 4/4
  2128 | D:3      | Noticed Sigmund
  2603 | D:3      | Killed Sigmund
  2604 | D:3      | Reached skill level 3 in Maces & Flails
  2604 | D:3      | Reached skill level 1 in Dodging
  2604 | D:3      | Reached skill level 1 in Invocations
  2604 | D:3      | Reached XP level 5. HP: 22/33 MP: 4/6
  2604 | D:3      | Reached XP level 6. HP: 25/38 MP: 4/7
  2999 | D:3      | Reached skill level 4 in Maces & Flails
  4029 | D:4      | Found a white marble altar of Elyvilon.
  4165 | D:4      | Noticed Edmund
  4186 | D:4      | Killed Edmund
  4187 | D:4      | Reached XP level 7. HP: 20/43 MP: 8/8
  4483 | D:4      | Reached skill level 5 in Armour
  4627 | D:4      | Found a sacrificial altar of Ru.
  5076 | D:4      | Noticed Robin
  5093 | D:4      | Killed Robin
  5324 | D:5      | Entered Level 5 of the Dungeon
  5362 | D:5      | Reached skill level 5 in Maces & Flails
  5517 | D:5      | Found Istrouh's Firing Range.
  5719 | D:5      | Found a basalt altar of Yredelemnul.
  5822 | D:5      | Found a staircase to the Ecumenical Temple.
  5829 | D:5      | Reached XP level 8. HP: 48/48 MP: 9/9
  5832 | Temple   | Entered the Ecumenical Temple
  6358 | D:5      | Noticed voshxx's ghost (novice DEAE)
  6359 | D:5      | Found a transporter.
  6391 | D:5      | Noticed Eustachio
  6434 | D:5      | Killed Eustachio
  6435 | D:5      | Reached skill level 6 in Maces & Flails
  6510 | D:5      | Found a transporter.
  6812 | D:6      | Found a shimmering blue altar of Sif Muna.
  6831 | D:6      | Identified the +7 mace "Goblinbane" {vorpal, Dex+5}
  6842 | D:6      | Reached skill level 5 in Fighting
  6849 | D:6      | Found an opulent altar of Gozag.
  6952 | D:6      | Found a sand-covered staircase.
  6956 | Ossuary  | Entered an ossuary
  7531 | D:7      | Noticed Joseph
  7543 | D:7      | Killed Joseph
  7544 | D:7      | Reached skill level 7 in Maces & Flails
  7544 | D:7      | Reached skill level 5 in Shields
  7544 | D:7      | Reached XP level 9. HP: 37/54 MP: 11/11
  7638 | D:7      | Found a shadowy altar of Dithmenos.
  7686 | D:7      | Noticed a troll
  7694 | D:7      | Killed a troll
  7747 | D:7      | Found a bloodstained altar of Trog.
  8064 | D:7      | Reached skill level 8 in Maces & Flails
  8315 | D:6      | Found Qiv New's Jewellery Shop.
  8582 | D:6      | Found a glowing golden altar of the Shining One.
  8598 | D:6      | Became a worshipper of the Shining One
  9281 | D:8      | Noticed Psyche
  9294 | D:8      | Cast into level 2 of the Abyss (Psyche)
  9331 | Abyss:2  | Slain by a small abomination

Illustrated notes

Levels and vault maps discovered:
D:1:      dpeg_arrival_prison, layout_loops_ring, basic_ecumenical_altar
D:2:      layout_loops_ring, minmay_hexomino_u4
D:3:      layout_rooms, okawaru_metal_pillars_1_2,
          mainiacjoe_overflow_large_starburst, serial_shops,
          nicolae_shop_hallway_plus, serial_glass, glass_columns_b,
          glass_columns_b, amcnicky_mini_pool_small, kennysheep_generic_room_12,
          uniq_sigmund
D:4:      layout_basic, mainiacjoe_overflow_chevrons, nicolae_ru_awakened_eye,
          st_stairs_4, hangedman_abyss_or_decor_passed, uniq_edmund, uniq_robin
D:5:      layout_loops_corners, mainiacjoe_overflow_alcove_4, temple_green,
          gammafunk_ghost_stat_death, chequers_hall_statues_wall_a,
          nicolae_shop_firing_range, uniq_eustachio
D:6:      layout_loops_ring, led_sif_pool, tso_metal_star,
          general_overflow_altar, enter_ossuary_5, nicolae_take_the_stairs,
          minivault_24
D:7:      layout_cave_pools, mainiacjoe_overflow_small_starburst,
          lemuel_doored_altar, uniq_joseph
D:8:      layout_cave_pools, worldfamousw_hep_ancestral_shrine, uniq_psyche,
          uniq_maurice
Temple:   kb_temple_of_zot
Abyss:2:  base:
D:5

Skill      XL: |  1  2  3  4  5  6  7  8  9 |
---------------+----------------------------+-----
Armour         | 4 5 6 7 |  7.1
Maces & Flails | 3 4 5 7 8 |  8.3
Dodging        | 1 2 3 |  3.1
Shields        | 4 5 |  5.6
Invocations    | 1 2 3 4 |  4.2
Fighting       | 4 5 |  5.9

Action                   |  1- 3 |  4- 6 |  7- 9 || total
-------------------------+-------+-------+-------++-------
Melee: Flail             |   108 |   121 |   175 ||   404
       Mace              |       |       |    96 ||    96
       Unarmed           |       |       |    14 ||    14
  Use: Scroll            |     3 |       |     5 ||     8
       Potion            |     1 |     1 |       ||     2
Armor: Scale mail        |    11 |       |       ||    11
       Chain mail        |    68 |   103 |   181 ||   352
Dodge: Dodged            |    46 |    61 |   121 ||   228
Block: Buckler           |    32 |    40 |    67 ||   139

Table legend: (Time is in decaauts)
 A = Elapsed time spent in this place.
 B = Non-inter-level travel time spent in this place.
 C = Inter-level travel time spent in this place.
 D = Time resting spent in this place.
 E = Time spent auto-exploring this place.
 F = Levels seen in this place.
 G = Mean time per level.
                   A        B        C        D        E       F      G
               +--------+--------+--------+--------+--------+-----+--------+
         Total |   9419 |   9024 |    395 |   2994 |   4384 |  11 |  856.3 |
       Dungeon |   8867 |   8518 |    349 |   2808 |   4228 |   8 | 1108.4 |
        Temple |    139 |     93 |     46 |      0 |     57 |   1 |  139.0 |
         Abyss |     26 |     26 |      0 |     10 |      0 |   1 |   26.0 |
       Ossuary |    385 |    385 |      0 |    176 |     99 |   1 |  385.0 |
               +--------+--------+--------+--------+--------+-----+--------+

Top non-repeatable levels by time:
     D:2: 2381 daAuts
     D:5: 1394 daAuts
     D:4: 1336 daAuts
     D:6: 1126 daAuts
     D:7: 917 daAuts
     D:1: 893 daAuts
     D:3: 791 daAuts
 Ossuary: 385 daAuts
  Temple: 139 daAuts
 Abyss:2: 26 daAuts
     D:8: 26 daAuts
